 Dungeon Sprint DCSS version 0.29-a0-732-g3d7fbe0af2 (webtiles) character file.

Game seed: 18174068081129504929

746 manyhoops the Thaumaturge (level 7, -4/65 HPs)
             Began as a Demigod Fighter on June 29, 2022.
             Slain by a neqoxec (8 damage)
             ... in the Dungeon (Sprint II: "The Violet Keep of Menkaure").
             The game lasted 00:00:49 (469 turns).

manyhoops the Thaumaturge (Demigod Fighter)          Turns: 469, Time: 00:00:49

Health: -4/65      AC:  3    Str: 17    XL:     7   Next: 23%
Magic:  25/25      EV:  8    Int: 18    God:
Gold:   243        SH:  4    Dex: 11    Spells: 27/27 levels left

rFire   . . .      SeeInvis .   a - +0 war axe
rCold   . . .      Faith    .   c - +0 buckler
rNeg    . . .      Spirit   .   b - +0 scale mail
rPois   .          Reflect  .   (no helmet)
rElec   .          Harm     .   (no cloak)
rCorr   .          Rampage  .   (no gloves)
Will    .....      NoTele   +   (no boots)
Stlth   ..........              (no amulet)
HPRegen 0.20/turn               (no ring)
MPRegen 0.19/turn               (no ring)

@: on berserk cooldown
A: high MP 1, forlorn, divine attributes, clumsy 1, deformed body, frail 1,
screaming 1
a: no special abilities


You were in the Dungeon.
You visited 1 branch You collected 243 gold pieces.

Inventory:

Hand Weapons
 a - a +0 war axe (weapon)
Armour
 b - a +0 scale mail (worn)
 c - a +0 buckler (worn)
Scrolls
 j - a scroll of blinking
Potions
 e - a potion of curing
 f - a potion of heal wounds
 g - a potion of haste
 h - 2 potions of magic


   Skills:
 - Level 10.3 Fighting
 - Level 1.7 Axes
 - Level 2.6 Armour
 - Level 2.6 Shields
 + Level 10.5 Spellcasting


You had 27 spell levels left.
You didn't know any spells.
Your spell library was empty.

Dungeon Overview and Level Annotations

Branches:
Dungeon (1/1)


Innate Abilities, Weirdness & Mutations

You have an increased reservoir of magic. (+10% MP)
You shall have no god before yourself.
Your divine heritage dramatically boosts your attributes as you level up.
You are clumsy. (Dex -2)
Armour fits poorly on your strangely shaped body.
You are frail. (-10% HP)
You occasionally shout uncontrollably at your foes.


Message History

Strange energies course through your body.
You feel frail.
You slash the neqoxec!
The neqoxec is severely wounded.
The neqoxec gestures at you.
Something tries to feed on your intellect!
The neqoxec hits you. The neqoxec gestures at you.
Strange energies course through your body.
You feel the urge to shout.
You closely miss the neqoxec.
The neqoxec is severely wounded.
The neqoxec hits you. The neqoxec barely misses you.
You slash the neqoxec!
The neqoxec is almost dead.
The neqoxec closely misses you. The neqoxec hits you!
You closely miss the neqoxec.
The neqoxec is almost dead.
The walls and floor vibrate strangely for a moment.
The neqoxec completely misses you. The neqoxec barely misses you.
You hit the neqoxec.
The neqoxec is almost dead.
You block the neqoxec's attack. The neqoxec hits you!
The neqoxec completely misses you.
You closely miss the neqoxec.
The neqoxec is almost dead.
The neqoxec hits you!
* * * LOW HITPOINT WARNING * * *
The neqoxec hits you!
* * * LOW HITPOINT WARNING * * *
You barely miss the neqoxec.
The neqoxec is almost dead.
You feel yourself speed up. The neqoxec hits you.
* * * LOW HITPOINT WARNING * * *
You block the neqoxec's attack.
You completely miss the neqoxec.
The neqoxec is almost dead.
The neqoxec hits you!
You die...

### ### #..
..# #.#.#
## #'###.##
###.##...#
#3@<.รท.#
#.##.##...#
#. #+###.##
# ##


You could see a neqoxec.

Vanquished Creatures
  2 neqoxecs (D)
  4 necrophages (D)
  4 scorpions (D)
10 creatures vanquished.

Notes
Turn   | Place    | Note
-------+----------+-------------------------------------------
     0 | D        | manyhoops the Demigod Fighter began the quest for the Orb.
     0 | D        | Reached XP level 1. HP: 18/18 MP: 3/3
     1 | D        | Noticed a scorpion
     1 | D        | Noticed a scorpion
     1 | D        | Noticed a scorpion
     1 | D        | Noticed a scorpion
     6 | D        | Killed a scorpion
     7 | D        | Reached XP level 2. HP: 31/34 MP: 4/4
     7 | D        | Reached XP level 3. HP: 35/39 MP: 5/5
     8 | D        | Killed a scorpion
     9 | D        | Reached XP level 4. HP: 46/50 MP: 6/6
    13 | D        | Reached skill level 10 in Fighting
    13 | D        | Reached XP level 5. HP: 30/59 MP: 7/7
   200 | D        | Reached skill level 5 in Spellcasting
   208 | D        | Reached XP level 6. HP: 52/67 MP: 15/19
   438 | D        | Noticed a neqoxec
   439 | D        | Noticed a neqoxec
   440 | D        | Noticed a neqoxec
   449 | D        | Killed a neqoxec
   453 | D        | Gained mutation: Armour fits poorly on your strangely
                  | shaped body. [a neqoxec]
   455 | D        | Killed a neqoxec
   456 | D        | Reached skill level 10 in Spellcasting
   456 | D        | Reached XP level 7. HP: 57/73 MP: 23/25
   460 | D        | Gained mutation: You are clumsy. (Dex -2) [a neqoxec]
   461 | D        | Gained mutation: You are frail. (-10% HP) [a neqoxec]
   462 | D        | Gained mutation: You occasionally shout uncontrollably at
                  | your foes. [a neqoxec]
   468 | D        | HP: 3/65 [neqoxec (2)]
   469 | D        | Slain by a neqoxec

Illustrated notes

Levels and vault maps discovered:
D:        the_violet_keep_of_menkaure [sprint2_stairs_cluster_1,
          sprint2_shoproom, sprint2_temple, sprint2_basic_supplies,
          sprint2_obstacle_1, sprint2_obstacle_4, sprint2_obstacle_6,
          sprint2_obstacle_5, sprint2_obstacle_2, sprint2_timed_cluster_1,
          sprint2_smallroom_cluster_1, sprint2_smallroom_final_cluster_1,
          sprint2_transparent_cluster_1, sprint2_second_timed_cluster_1,
          sprint2_sniper_area_1, sprint2_heavy_combat_area_1,
          sprint2_mutation_trap_area_1, sprint2_forest_area_1,
          sprint2_light_combat_area_1, sprint2_behind_water_1,
          sprint2_near_end_vault_1]

Skill      XL: |  1  2  3  4  5  6 |
---------------+-------------------+-----
Fighting       | 7 9 10 | 10.3
Spellcasting   | 6 10 | 10.5
Axes           | |  1.7
Armour         | |  2.6
Shields        | |  2.6

Action                   |  1- 3 |  4- 6 |  7- 9 || total
-------------------------+-------+-------+-------++-------
Melee: War axe           |     6 |    67 |    14 ||    87
  Use: Potion            |     1 |     1 |       ||     2
Armor: Scale mail        |     2 |    26 |     1 ||    29
Dodge: Dodged            |     3 |    20 |     9 ||    32
Block: Buckler           |     2 |    10 |     2 ||    14

Table legend: (Time is in decaauts)
 A = Elapsed time spent in this place.
 B = Non-inter-level travel time spent in this place.
 C = Inter-level travel time spent in this place.
 D = Time resting spent in this place.
 E = Time spent auto-exploring this place.
 F = Levels seen in this place.
 G = Mean time per level.
                   A        B        C        D        E       F      G
               +--------+--------+--------+--------+--------+-----+--------+
         Total |    510 |    510 |      0 |    365 |      0 |   1 |  510.0 |
       Dungeon |    510 |    510 |      0 |    365 |      0 |   1 |  510.0 |
               +--------+--------+--------+--------+--------+-----+--------+

Top non-repeatable levels by time:
       D: 510 daAuts
